 Dungeon Crawl Stone Soup version 0.25-a0-316-gd28d56f9c5 (webtiles) character file.

Game seed: 259377049494179034, levelgen mode: classic

195 Borgoz the Cudgeler (level 5, -4/32 HPs)
             Began as a Gargoyle Gladiator on Dec 25, 2019.
             Slain by an orc warrior
             ... wielding a +0 mace
              (6 damage)
             ... on level 3 of the Dungeon.
             The game lasted 00:02:51 (1943 turns).

Borgoz the Cudgeler (Gargoyle Gladiator)            Turns: 1943, Time: 00:02:51

Health: -4/32      AC: 13    Str: 18    XL:     5   Next: 74%
Magic:  5/5        EV:  8    Int:  8    God:
Gold:   116        SH:  0    Dex: 12    Spells: 4/4 levels left

rFire    . . .     SeeInvis .   s - +1 flail (crush)
rCold    . . .     Gourm    .   (no shield)
rNeg     + . .     Faith    .   j - +0 chain mail
rPois    ∞         Spirit   .   c - +0 helmet
rElec    +         Reflect  .   o - scarf {repulsion}
rCorr    .         Harm     .   (no gloves)
MR       .....                  (no boots)
Stlth    ..........             (no amulet)
HPRegen  0.10/turn              (no ring)
MPRegen  0.09/turn              (no ring)

@: repel missiles
A: negative energy resistance 1, electricity resistance, unbreathing,
petrification resistance, rot immunity, AC +4
a: no special abilities


You were on level 3 of the Dungeon.
You were not hungry.

You visited 1 branch of the dungeon, and saw 3 of its levels.

You collected 116 gold pieces.

Inventory:

Hand Weapons
 s - a +1 flail of crushing (weapon)
Missiles
 d - a throwing net (quivered)
Armour
 c - a +0 helmet (worn)
 j - a +0 chain mail (worn)
 o - a scarf of repulsion (worn)
Jewellery
 v - an uncursed ring of wizardry {unknown}
Scrolls
 h - a scroll of enchant armour {unknown}
 k - 2 scrolls of fear {unknown}
 n - 2 scrolls of identify {unknown}
 q - 2 scrolls of remove curse {unknown}
 r - a scroll of amnesia {unknown}
 u - a scroll of teleportation {unknown}
Potions
 a - a potion of heal wounds {unknown}
 b - a potion of mutation {unknown}
 e - a potion of lignification {unknown}
 i - 2 potions of berserk rage {unknown}
 l - a potion of agility {unknown}
 m - 2 potions of curing {unknown}
 p - a potion of degeneration {unknown}
 t - a potion of ambrosia {unknown}
Comestibles
 f - 9 rations
 g - 3 chunks of flesh


   Skills:
 + Level 3.2 Fighting
 * Level 4.4 Maces & Flails
 - Level 1.7 Throwing
 + Level 2.1 Armour
 * Level 3.4 Dodging


You had 4 spell levels left.
You didn't know any spells.
Your spell library was empty.

Dungeon Overview and Level Annotations

Branches:
Dungeon (3/15)

Altars:


Innate Abilities, Weirdness & Mutations

You are resistant to torment.
Your stone body is resilient. (AC +4)
You are immune to poison.
You resist negative energy. (rN+)
You are resistant to electric shocks. (rElec)
You can survive without breathing.
You are immune to petrification.
You are immune to rotting.


Message History

You hit the orc warrior but do no damage.
The orc warrior hits you with a +0 mace!
* * * LOW HITPOINT WARNING * * *
Okay, then.
Throwing (i - inventory)
d - 3 throwing nets (quivered)
Press: ? - help, Shift-Dir - straight line, f - orc warrior
Aim: an orc warrior, wielding a +0 mace and wearing a +0 chain mail You throw a throwing net.
The throwing net closely misses the orc warrior.
The throwing net hits the orc.
The orc is caught in the net!
The orc warrior hits you with a +0 mace.
* * * LOW HITPOINT WARNING * * *
Throwing (i - inventory)
d - 2 throwing nets (quivered)
Press: ? - help, Shift-Dir - straight line, f/p - orc warrior
Aim: an orc warrior, wielding a +0 mace and wearing a +0 chain mail You throw a throwing net.
The throwing net barely misses the orc warrior.
The throwing net hits the orc.
The orc struggles against the net.
The orc warrior hits you with a +0 mace.
You die...

#...#.##.#.#.# #.#.###.##.#
#...#.##.#.#.# #.#.# #.##.#
#...#.##.#.#.# #.#.# #..#.# ##
#...#.##.#.#.# #.#.# #.#
.####...#.##.#.#.####.#.# (.
..).............o.....#.#
.####.÷...##.#.#o####.#.
.....÷.........#o# #.#.#
.####.....##.#.#@####.#.#########
.# ##...........................
.#####....##.#.#.####.#.###...##.
..........## #.#.# ##.#.####.##.#
.#####.#..##.#.#.# #..#.#....#...
...............#.###..#....##.#.#
..........................##..###
..######.........###.##.#.#..#...
#.# #........#.### #.##.#..###.##


You could see an orc warrior and 2 orcs.

Vanquished Creatures
  10 gnolls
  2 adders
  An ooze (D:3)
  2 worms (D:2)
  2 dart slugs (D:3)
  2 leopard geckos
  7 bats
  4 giant cockroaches
  8 goblins
  9 hobgoblins
  2 jackals (D:3)
  8 kobolds
  A quokka (D:2)
  A frilled lizard (D:2)
  8 rats
67 creatures vanquished.

Notes
Turn   | Place    | Note
-------+----------+-------------------------------------------
     0 | D:1      | Borgoz the Gargoyle Gladiator began the quest for the Orb.
     0 | D:1      | Reached XP level 1. HP: 12/12 MP: 1/1
    97 | D:1      | Reached XP level 2. HP: 16/18 MP: 2/2
   527 | D:2      | Reached XP level 3. HP: 22/22 MP: 3/3
   541 | D:2      | Reached skill level 1 in Armour
   556 | D:2      | Reached XP level 4. HP: 10/27 MP: 4/4
  1402 | D:2      | Reached skill level 4 in Maces & Flails
  1417 | D:2      | Reached XP level 5. HP: 30/32 MP: 5/5
  1935 | D:3      | Noticed an orc warrior
  1943 | D:3      | Slain by an orc warrior

Levels and vault maps discovered:
D:1:      lightli_arrival_quake, layout_basic
D:2:      layout_loops_ring
D:3:      layout_basic, first_ration, minmay_pentomino_pile

Skill      XL: |  1  2  3  4  5 |
---------------+----------------+-----
Armour         | 1 2 |  2.1
Dodging        | 3 |  3.4
Maces & Flails | 4 |  4.4
Fighting       | 3 |  3.2
Throwing       | |  1.7

Action                   |  1- 3 |  4- 6 || total
-------------------------+-------+-------++-------
Melee: Flail             |    80 |   149 ||   229
Throw: Throwing net      |       |     2 ||     2
  Eat: Chunk             |       |     4 ||     4
Armor: Leather armour    |    15 |       ||    15
       Chain mail        |    50 |   116 ||   166
Dodge: Dodged            |    55 |    52 ||   107

Table legend:
 A = Non-vault XP
 B = Vault XP
 C = Vault XP percentage of total XP
 D = Non-vault monster count
 E = Vault monster count
 F = Vault count percentage of total count
                 A         B        C        D         E       F
            +---------+---------+-------+---------+---------+-------
      Total |     265 |      14 |   5.0 |      61 |       6 |   9.0
            +---------+---------+-------+---------+---------+-------
        D:1 |      32 |       0 |   0.0 |      18 |       0 |   0.0
        D:2 |     137 |       0 |   0.0 |      26 |       0 |   0.0
        D:3 |      96 |      14 |  12.7 |      17 |       6 |  26.1
            +---------+---------+-------+---------+---------+-------
